 Dungeon Crawl Stone Soup version 0.30-a0-782-ge64f9170bb (webtiles) character file.

Game seed: 1212505983049273149

142 kae the Firebug (level 5, 0/28 HPs)
             Began as a Tengu Fire Elementalist on Feb 28, 2023.
             Succumbed to a scorpion's poison
             ... on level 3 of the Dungeon.
             The game lasted 00:02:15 (3287 turns).

kae the Firebug (Tengu Fire Elementalist)           Turns: 3287, Time: 00:02:16

Health: 0/28       AC:  6    Str:  8    XL:     5   Next: 24%
Magic:  0/10       EV: 14    Int: 22    God:
Gold:   169        SH:  0    Dex: 14    Spells: 3/9 levels left

rFire   + . .      SeeInvis .    e - staff of fire {!a}
rCold   + . .      Faith    .    (no shield)
rNeg    . . .      Spirit   .    a - +0 robe
rPois   .          Reflect  .    f - +0 hat
rElec   .          Harm     .    (no cloak)
rCorr   +          Rampage  .    (no gloves)
Will    .....                    (boots unavailable)
Stlth   ++                       (no amulet)
HPRegen 0.24/turn                O - +4 ring of protection
MPRegen 0.12/turn                l - ring of Diggem {rC+ rCorr Int+4}

@: lethally poisoned (0 -> -4), weak-willed, flying quickly and evasively, quick
A: beak, talons 3, nimble flight
a: no special abilities


You were on level 3 of the Dungeon.
You visited 1 branch of the dungeon, and saw 4 of its levels.

You collected 169 gold pieces.


Innate Abilities, Weirdness & Mutations

You have a beak for a mouth.
You have claws for feet.
Your magical nature lets you fly swiftly and evasively.


   Skills:
 - Level 2.1 Dodging
 - Level 2.0 Stealth
 + Level 2.7 Spellcasting
 * Level 4.3 Conjurations
 * Level 4.6 Fire Magic


You had 3 spell levels left.
You knew the following spells:

 Your Spells              Type           Power      Damage    Failure   Level
a - Foxfire               Conj/Fire      100%       2x1d9     1%          1
b - Scorch                Fire           70%        2d9       2%          2
c - Inner Flame           Hex/Fire       19%        N/A       14%         3

Your spell library contained the following spells:

 Spells                   Type           Power      Damage    Failure   Level
 Lesser Beckoning         Tloc           6%         N/A       19%         2
 Kindle Blastsparks       Fire/Tloc/Air  28%        2d12      21%         3
 Gell's Gravitas          Tloc           3%         N/A       36%         3
 Teleport Other           Tloc           3%         N/A       36%         3
 Flame Wave               Conj/Fire      34%        2d10      21%         4

Inventory:

Missiles
 d - 23 stones
 k - 5 poisoned darts
Armour
 a - a +0 robe (worn)
 f - a +0 hat (worn)
   (You found it on level 2 of the Dungeon)
Magical Staves
 e - a staff of fire (weapon) {!a}
   (You acquired it on level 2 of the Dungeon)
Jewellery
 l - the ring of Diggem (right hand) {rC+ rCorr Int+4}
   (You found it on level 2 of the Dungeon)

   [ring of resist corrosion]

   Int:       It affects your intelligence (+4).
   rC:        It protects you from cold.
   rCorr:     It protects you from acid and corrosion.
 O - a +4 ring of protection (left hand)
   (You took it off a hobgoblin on level 2 of the Dungeon)
Scrolls
 c - a scroll of noise {!r}
 i - a scroll of identify {@r1}
Potions
 b - a potion of magic
 h - 2 potions of degeneration {unknown}
 j - a potion of mutation {!q}
 n - a potion of curing {@q1}

Dungeon Overview and Level Annotations

Branches:
Dungeon (4/15) Zot: 20736
 Temple: D:4-7

Altars:
Nemelex Xobeh
Uskayaw

Annotations:
D:3 Sigmund

#...#.........................<#
#._.#########.##################
#...# #.#......# ##≈≈≈#
#.#.####.######### .#...# #.#.#
#.........# .#._.# #.#.#
#########.# .#...# #.#.# #.#
.'############.#.############.#
...............v@s............#
##############.#v##############
#.#.# #.#.# ##############.#.#
...............#.#
################.# ...# #.# ##.#
#.#


You could see a scorpion (weak-willed, ally target).


Message History

Casting: Foxfire (safe; 2% risk of failure)
Confirm with . or Enter, or press ? or * to list all spells.
You feel a surge of power!
Flames lash the gnoll.
The gnoll's fire resistance burns away.
You hear a shout!
The gnoll barely misses you.
The gnoll hits you from afar with a +3 spear. 😕 HP[-5] MP[-2]
You take 5 damage, and now have 23/28 hp.
You lost 2 mp, and now have 5/10 mp.
Unknown command.
The scorpion attacks as you move away!
The scorpion barely misses you. 😕 HP[+1] MP[+1]
You can't go up here!
Casting: Scorch (safe; 3% risk of failure)
Confirm with . or Enter, or press ? or * to list all spells.
You feel a surge of power!
Flames lash the gnoll.
The gnoll is burned terribly!
You kill the gnoll!
The scorpion stings you.
You are poisoned.
The scorpion poisons you!
The scorpion stings you but does no damage.
You feel very sick. The scorpion barely misses you.
A gnoll comes into view. It is wielding a +0 club.
A gnoll comes into view.
It is wielding a +0 spear. 😮 HP[-8] MP[-2]
You take 8 damage, and now have 16/28 hp.
MASSIVE DAMAGE!! (PAUSE)
You lost 2 mp, and now have 4/10 mp.
Casting: Scorch (safe; 3% risk of failure)
Confirm with . or Enter, or press ? or * to list all spells.
You feel a surge of power!
Flames lash the gnoll.
You kill the gnoll!
You feel sick. The scorpion completely misses you.
You feel sick.
The scorpion stings you but does no damage. 😨 HP[-3] MP[-2]
You take 3 damage, and now have 13/28 hp.
You lost 2 mp, and now have 2/10 mp.
Unknown command.
As you read the scroll labelled FOSORA OXTAEHA, it crumbles to dust.
Magic quickly surges around you.
It was a scroll of vulnerability.
You feel sick.
The scorpion barely misses you. 😨 HP[-2]
You take 2 damage, and now have 11/28 hp.
Unknown command.
You feel better. The scorpion barely misses you.
The scorpion stings you. 😮 HP[+8]
You regained 8 hp, and now have 19/28 hp.
Found a stone staircase leading up. 😮 HP[+1] MP[+1]
There is a stone staircase leading up here.
The scorpion stings you but does no damage.
You fly upwards.
Level annotation: Sigmund
There is a stone staircase leading down here.
You can't go up here!
Casting: Scorch (safe; 2% risk of failure)
Confirm with . or Enter, or press ? or * to list all spells.
You feel a surge of power!
You conjure some foxfire!
The scorpion closely misses you.
The foxfire hits the scorpion.
The foxfire hits the scorpion but does no damage.
The scorpion stings you. 😮 HP[-1] MP[-1]
You take 1 damage, and now have 19/28 hp.
You lost 1 mp, and now have 2/10 mp.
Casting: Foxfire (safe; 1% risk of failure)
Confirm with . or Enter, or press ? or * to list all spells.
You feel a surge of power!
You conjure some foxfire!
The scorpion stings you. x2
* * * LOW HITPOINT WARNING * * *
The foxfire hits the scorpion.
The foxfire hits the scorpion but does no damage.
The scorpion stings you.
* * * LOW HITPOINT WARNING * * *
You are poisoned.
The scorpion poisons you! 😨 HP[-9] MP[-1]
You take 9 damage, and now have 10/28 hp.
MASSIVE DAMAGE!! (PAUSE)
You lost 1 mp, and now have 1/10 mp.
Casting: Foxfire (safe; 1% risk of failure)
Confirm with . or Enter, or press ? or * to list all spells.
You feel a surge of power!
You conjure some foxfire!
* * * LOW HITPOINT WARNING * * *
You feel sick. The scorpion barely misses you.
* * * LOW HITPOINT WARNING * * *
You feel sick.
The foxfire hits the scorpion. x2; The scorpion stings you.
* * * LOW HITPOINT WARNING * * *
😱 HP[-8]
You take 8 damage, and now have 2/28 hp.
MASSIVE DAMAGE!! (PAUSE)
Casting: Foxfire (safe; 1% risk of failure)
Confirm with . or Enter, or press ? or * to list all spells.
You feel a surge of power!
You conjure some foxfire!
* * * LOW HITPOINT WARNING * * *
You feel sick.
The scorpion stings you but does no damage.
You die...

Skill      XL: |  1  2  3  4 |
---------------+-------------+-----
Conjurations   | 2 3 4 |  4.3
Fire Magic     | 4 |  4.6
Dodging        | |  2.1
Stealth        | |  2.0
Spellcasting   | |  2.7

Action                     |  1- 3 |  4- 6 || total
---------------------------+-------+-------++-------
   Cast: Foxfire           |    76 |    59 ||   135
         Scorch            |       |    14 ||    14
    Use: Scroll            |     4 |     6 ||    10
         Potion            |       |     1 ||     1
 Armour: Robe              |     3 |    12 ||    15
  Dodge: Dodged            |    30 |    29 ||    59

Levels and vault maps discovered:
D:1:      nzn_arrival_water_spiral, layout_loops_corners, palyth_stone_intersect
D:2:      cheibrodos_greedy_goblins, layout_loops_cross,
          shapermc_ecumenical_altar_mp_vishouse
D:3:      layout_basic, mainiacjoe_overflow_divided_tiny, st_stairs_3,
          uniq_sigmund
D:4:      layout_loops_cross, lemuel_round_altar,
          minmay_temple_entry_sparse_star

Notes
Turn   | Place    | Note
-------+----------+-------------------------------------------
     0 | D:1      | kae the Tengu Fire Elementalist began the quest for the
                  | Orb.
     0 | D:1      | Reached XP level 1. HP: 10/10 MP: 4/4
     0 | D:1      | magus.rc [v1.11.3]
   164 | D:1      | Reached skill level 2 in Conjurations
   164 | D:1      | Reached XP level 2. HP: 15/15 MP: 0/6
   666 | D:1      | Reached XP level 3. HP: 19/19 MP: 2/7
   669 | D:1      | Learned a level 2 spell: Scorch
   855 | D:1      | You pick up a book of Displacement and begin reading...
   855 | D:1      | You add the spells Lesser Beckoning, Gell's Gravitas and
                  | Teleport Other to your library.
  1307 | D:2      | Learned a level 3 spell: Inner Flame
  1310 | D:2      | Identified a scroll of acquirement
  1310 | D:2      | Acquired a staff of fire
  1341 | D:2      | Reached skill level 3 in Conjurations
  1505 | D:2      | Reached skill level 4 in Fire Magic
  1528 | D:2      | Reached XP level 4. HP: 24/24 MP: 2/8
  1752 | D:2      | Found a faded altar of an unknown god.
  2133 | D:2      | Identified the ring of Diggem {rC+ rCorr Int+4}
  2506 | D:3      | Found a hide-covered altar of Uskayaw.
  2507 | D:3      | Found a sparkling altar of Nemelex Xobeh.
  2850 | D:3      | Reached skill level 4 in Conjurations
  2983 | D:3      | Gained mutation: Your magical nature lets you fly swiftly
                  | and evasively. [Tengu growth]
  2983 | D:3      | Reached XP level 5. HP: 24/28 MP: 5/10
  3109 | D:3      | Noticed Sigmund
  3285 | D:3      | HP: 7/28 [poisoned by a scorpion]
  3285 | D:3      | HP: 2/28 [scorpion (5)]
  3287 | D:3      | Succumbed to a scorpion's poison

Vanquished Creatures
  2 gnolls (D:4)
  3 adders
  2 worms
  2 dart slugs
  4 orcs
  4 endoplasms
  2 giant cockroaches (D:1)
  12 goblins
  15 hobgoblins
  5 quokkas
  3 ball pythons
  9 bats
  7 frilled lizards
  4 kobolds
  3 rats
77 creatures vanquished.

Vanquished Creatures (others)
  219 foxfires
219 creatures vanquished.

Grand Total: 296 creatures vanquished

Table legend:
 A = Non-vault XP
 B = Vault XP
 C = Vault XP percentage of total XP
 D = Non-vault monster count
 E = Vault monster count
 F = Vault count percentage of total count
                 A         B        C        D         E       F
            +---------+---------+-------+---------+---------+-------
      Total |     178 |      25 |  12.3 |      64 |      13 |  16.9
            +---------+---------+-------+---------+---------+-------
        D:1 |      46 |       0 |   0.0 |      28 |       0 |   0.0
        D:2 |      58 |      24 |  29.3 |      17 |      12 |  41.4
        D:3 |      41 |       1 |   2.4 |      15 |       1 |   6.2
        D:4 |      33 |       0 |   0.0 |       4 |       0 |   0.0
            +---------+---------+-------+---------+---------+-------

Illustrated notes

Table legend:
 A = Kills in this place as a percentage of kills in entire the game.
 B = Kills by you in this place as a percentage of kills by you in the entire game.
 C = Kills by friends in this place as a percentage of kills by friends in the entire game.
 D = Other kills in this place as a percentage of other kills in the entire game.
 E = Experience gained in this place as a percentage of experience gained in the entire game.
 F = Experience gained in this place divided by the number of levels of this place that you have seen.
                   A       B       C       D       E      F
               +-------+-------+-------+-------+-------+----------------------
         Total | 100.0 | 100.0 |   N/A |   N/A | 100.0 |  50.8
       Dungeon | 100.0 | 100.0 |   N/A |   N/A | 100.0 |  50.8
               +-------+-------+-------+-------+-------+----------------------

Table legend: (Time is in decaauts)
 A = Elapsed time spent in this place.
 B = Non-inter-level travel time spent in this place.
 C = Inter-level travel time spent in this place.
 D = Time resting spent in this place.
 E = Time spent auto-exploring this place.
 F = Levels seen in this place.
 G = Mean time per level.
                   A        B        C        D        E       F      G
               +--------+--------+--------+--------+--------+-----+--------+
         Total |   3263 |   3224 |     39 |      0 |   2755 |   4 |  815.8 |
       Dungeon |   3263 |   3224 |     39 |      0 |   2755 |   4 |  815.8 |
               +--------+--------+--------+--------+--------+-----+--------+

Top non-repeatable levels by time:
     D:1: 1302 daAuts
     D:2: 1052 daAuts
     D:3: 826 daAuts
     D:4: 82 daAuts
